AoeStats
← fedegar50

Fortress

510464161Analyzed
1v1 RM · 2d ago on Oct 1, 2026· 27m 58s· 2 players
Game mode
Random Map
Map size
Small (3 player)
Population
200
Speed
Normal
Resources
Standard
Victory
Conquest
Starting age
Dark Age
Ending age
Imperial Age
RankedLock teamsTeams togetherTeam positionsShared explorationLock speedFull tech treeHidden civsTurbo modeCheats
Victory
Defeat
🇺🇸 Persians · United States
1036
+18
🇺🇾 Danes · Uruguay
1075
-18
fedegar50
7:33 Feudal Age
11:50 Castle Age
10:05 Double-Bit Axe
10:58 Arson
11:48 Horse Collar
12:05 Loom
13:06 Heavy Plow
13:20 Bow Saw
16:04 Gambesons
16:20 Squires
17:13 Wheelbarrow
21:05 Heavy Plow
21:58 Gold Mining
22:58 Forging
22:55 Scale Mail Armor
22:34 Pikeman
25:49 Iron Casting
25:29 Chain Mail Armor
26:33 Chain Mail Armor
28:30 Hand Cart
thermalMane
6:55 Feudal Age
7:18 Double-Bit Axe
7:14 Horse Collar
11:03 Castle Age
12:06 Heavy Plow
13:13 Bow Saw
15:33 Light Cavalry
19:26 Kamandaran
19:18 Crossbowman
19:58 Fletching
20:54 Husbandry
21:44 Thumb Ring
21:57 Padded Archer Armor
23:05 Wheelbarrow
23:06 Bloodlines
24:10 Gold Mining
24:57 Bodkin Arrow
25:09 Scale Barding Armor
29:04 Imperial Age
Connection lost

Rejoining the realm…

Still unreachable

The connection could not be restored.

Session expired

The server has moved on; the page needs a fresh start.